 Dungeon Crawl Stone Soup version 0.19.4-25-g1b72edd (webtiles) character file.

128 sankara the Twirler (level 4, -4/40 HPs)
             Began as a Minotaur Gladiator on Feb 28, 2017.
             Slain by a gnoll
             ... wielding a +0 spear
              (5 damage)
             ... on level 2 of the Dungeon.
             The game lasted 00:03:26 (1489 turns).

sankara the Twirler (Minotaur Gladiator)            Turns: 1489, Time: 00:03:26

Health: -4/40      AC:  3    Str: 20    XL:     4   Next: 86%
Magic:  3/3        EV: 14    Int:  5    God:
Gold:   131        SH:  0    Dex: 14    Spells: 0 memorised, 3 levels left

rFire  . . .     SeeInvis .     a - +0 quarterstaff
rCold  . . .     Gourm    .     b - +0 leather armour
rNeg   . . .     Faith    .     (shield currently unavailable)
rPois  .         Spirit   .     c - +0 hat
rElec  .         Reflect  .     (no cloak)
rCorr  .         Harm     .     (no gloves)
MR     .....                    (no boots)
Stlth  +.........               (no amulet)
                                (no ring)
                                l - +3 ring of dexterity

@: no status effects
A: retaliatory headbutt, horns 2
a: no special abilities


You were on level 2 of the Dungeon.
You were not hungry.

You visited 1 branch of the dungeon, and saw 2 of its levels.

You collected 131 gold pieces.

Inventory:

Hand Weapons
 a - a +0 quarterstaff (weapon)
Missiles
 d - 4 throwing nets (quivered)
Armour
 b - a +0 leather armour (worn)
 c - a +0 hat (worn)
Jewellery
 i - an uncursed amulet of magic regeneration {unknown}
 l - a +3 ring of dexterity (left hand)
Potions
 e - 2 potions of heal wounds
 j - 2 potions of brilliance {unknown}
 k - a potion of agility {unknown}
Comestibles
 f - a bread ration
 g - a chunk of flesh
 h - 4 fruits


   Skills:
 + Level 3.7 Fighting
 * Level 5.5 Staves
 - Level 2.0 Throwing
 + Level 4.1 Dodging


You had 3 spell levels left.
You didn't know any spells.

Dungeon Overview and Level Annotations

Branches:
Dungeon (2/15)

Altars:


Innate Abilities, Weirdness & Mutations

You reflexively headbutt those who attack you in melee.
You have a pair of horns on your head.


Message History

There is a large open door here.
You see here a flail.
There is a large open door, spattered with blood here.
You are too injured to fight recklessly!
You are too injured to fight recklessly!
You are too injured to fight recklessly!
You are too injured to fight recklessly!
The gnoll hits you but does no damage.
You hit the gnoll.
You headbutt the gnoll, but do no damage.
The gnoll is heavily wounded.
The gnoll hits you with a spear!
* * * LOW HITPOINT WARNING * * *
You sock the gnoll!
You kill the gnoll!
Your Dodging skill increases to level 4!
You thump the kobold!
You kill the kobold!
The gnoll hits you from afar with a spear.
You die...

#.......).........#
#.###
#.................# #..
+.................# ###
#.................#
##'#####..........#
#.....'.........(#
#######..........#
#.....#.##########......
#.###.#@# #......
###.###.#)# ###....w.
#.....#.#g# .........
#.#.#.#.#.# .........
#.#.#...#g##...#
.........
#.#.#####.##...#
.........
#.........##...#
.......).
###.#...†.##...#
......Kg. #.#.....##...#
.......g.


You could see 2 gnolls.

Vanquished Creatures
  2 adders (D:2)
  5 gnolls (D:2)
  2 oozes (D:1)
  2 giant cockroaches (D:1)
  5 goblins
  6 hobgoblins
  8 jackals (D:1)
  9 kobolds
  A quokka (D:1)
  6 bats
  3 frilled lizards (D:1)
  2 rats (D:1)
51 creatures vanquished.

Notes
Turn   | Place    | Note
-------+----------+-------------------------------------------
     0 | D:1      | sankara the Minotaur Gladiator began the quest for the Orb.
     0 | D:1      | Reached XP level 1. HP: 18/18 MP: 0/0
    36 | D:1      | Reached skill level 4 in Staves
    36 | D:1      | Reached XP level 2. HP: 25/25 MP: 1/1
   161 | D:1      | Reached XP level 3. HP: 7/30 MP: 2/2
  1158 | D:2      | Reached skill level 5 in Staves
  1158 | D:2      | Reached XP level 4. HP: 25/38 MP: 3/3
  1487 | D:2      | HP: 1/40 [gnoll/spear (10)]
  1489 | D:2      | Slain by a gnoll

Skill      XL: |  1  2  3  4 |
---------------+-------------+-----
Staves         | 4 5 |  5.5
Fighting       | 3 |  3.7
Dodging        | 4 |  4.1
Throwing       | |  2.0

Action                   |  1- 3 |  4- 6 || total
-------------------------+-------+-------++-------
Melee: Quarterstaff      |    74 |    25 ||    99
       Headbutt          |    11 |     3 ||    14
  Use: Potion            |     4 |       ||     4
       Scroll            |     1 |       ||     1
  Eat: Chunk             |       |     2 ||     2
Armor: Leather armour    |    23 |     6 ||    29
Dodge: Dodged            |    65 |    24 ||    89
